 Dungeon Crawl Stone Soup version 0.15.2 (webtiles) character file.

54 17mthomas the Skirmisher (level 4, -1/35 HPs)
             Began as a Formicid Abyssal Knight on Dec 20, 2014.
             Was a Believer of Lugonu.
             Slain by an adder (3 damage)
             ... on Level 2 of the Dungeon.
             The game lasted 00:09:36 (1592 turns).

17mthomas the Skirmisher (Formicid Abyssal Knight)  Turns: 1592, Time: 00:09:36

HP  -1/35        AC  3     Str 17      XL: 4   Next: 12%
MP   6/6         EV 10     Int 12      God: Lugonu [**....]
Gold 34          SH  0     Dex 10      Spells:  0 memorised,  3 levels left

rFire  . . .     SeeInvis +     a - +1 falchion
rCold  . . .     Clarity  .     b - +0 leather armour
rNeg   . . .     rCorr    .     (no shield)
rPois  .         rRot     .     (helmet unavailable)
rElec  .         Spirit   .     (no cloak)
SustAb .         Warding  .     (no gloves)
rMut   .         Stasis   +     (no boots)
Gourm  .                        (no amulet)
MR     .....                    (no ring)
                                (no ring)

@: lethally poisoned, not resistant to hostile enchantments, unstealthy
A: permanent stasis, dig shafts and tunnels, four strong arms, antennae 3
a: Dig, Shaft Self, Depart the Abyss, Bend Space, Renounce Religion


You were on level 2 of the Dungeon.
You worshipped Lugonu.
Lugonu was pleased with you.
You were not hungry.

You visited 1 branch of the dungeon, and saw 2 of its levels.
You visited the Abyss 1 time.

You collected 34 gold pieces.

Inventory:

Hand weapons
 a - a +1 falchion (weapon)
Armour
 b - a +0 leather armour (worn)
Comestibles
 c - 5 bread rations
 h - 2 meat rations
Scrolls
 e - a scroll of teleportation {unknown}
 f - 2 scrolls of identify {unknown}
 i - a scroll of immolation {unknown}
 j - a scroll of enchant armour {unknown}
 n - a scroll of noise {unknown}
 o - a scroll of amnesia {unknown}
Jewellery
 d - an uncursed amulet of rage {unknown}
Potions
 g - a potion of decay {unknown}
 k - a potion of heal wounds {unknown}
 l - a potion of resistance {unknown}
 m - a potion of might {unknown}


   Skills:
 - Level 3.2 Fighting
 + Level 3.0 Long Blades
 - Level 2.2 Armour
 - Level 0.8 Dodging
 * Level 3.1 Stealth
 - Level 2.1 Invocations


You had 3 spell levels left.
You didn't know any spells.

Dungeon Overview and Level Annotations

Branches:
Dungeon (2/15)

Altars:
Okawaru


Innate Abilities, Weirdness & Mutations

Your are under a permanent stasis effect.
You can dig through walls and to a lower floor.
Your four strong arms can wield two-handed weapons with a shield.
You have a pair of large antennae on your head (SInv).


Message History

The adder barely misses you.
You hit the adder.
The adder is heavily wounded.
* * * LOW HITPOINT WARNING * * *
You feel sick. The adder bites you but does no damage.
You miss the adder.
The adder is heavily wounded.
* * * LOW HITPOINT WARNING * * *
You feel sick. The adder bites you.
* * * LOW HITPOINT WARNING * * *
The adder misses you.
You closely miss the adder.
The adder is heavily wounded.
* * * LOW HITPOINT WARNING * * *
You feel sick. The adder barely misses you.
You closely miss the adder.
The adder is heavily wounded.
* * * LOW HITPOINT WARNING * * *
You feel sick. The adder closely misses you. The adder bites you.
You die...

..###.#...#.......)...
....#.#...############
#=..............###
.###...#...###......#
............# #......#
#.).).#.....# #......#
#.._. ##....# #......#
.#.).).#...###
#......# .......%@..#
#......# ...###.S...#
#......# #.....##
#......# .......##
#......# #.....##
####.##### ######
#...... #######


You could see an adder.

Vanquished Creatures
  An adder (D:2)
  3 giant geckos
  2 oozes (D:2)
  4 giant cockroaches
  3 hobgoblins (D:1)
  4 jackals (D:2)
  8 kobolds (D:1)
  A quokka (D:2)
  3 bats
  A giant newt (D:1)
  2 goblins (D:1)
  6 rats
38 creatures vanquished.

Notes
Turn   | Place    | Note
--------------------------------------------------------------
     0 | Abyss:1  | 17mthomas, the Formicid Abyssal Knight, began the quest for the Orb.
     0 | Abyss:1  | Reached XP level 1. HP: 18/18 MP: 1/1
     0 | D:1      | Escaped the Abyss
   144 | D:1      | Reached skill level 1 in Stealth
   188 | D:1      | Acquired Lugonu's first power
   188 | D:1      | Reached XP level 2. HP: 22/24 MP: 3/3
   633 | D:1      | Reached XP level 3. HP: 27/29 MP: 5/5
   958 | D:2      | Acquired Lugonu's second power
  1571 | D:2      | Found an iron altar of Okawaru.
  1588 | D:2      | Reached XP level 4. HP: 8/35 MP: 6/6
  1592 | D:2      | Slain by an adder

Action                   |  1- 3 |  4- 6 || total
-------------------------+-------+-------++-------
Melee: Falchion          |   118 |     4 ||   122
Invok: Depart the Abyss  |     1 |       ||     1
 Stab: Sleeping          |     3 |       ||     3
  Eat: Meat ration       |     1 |       ||     1
